Unix NetHack Version 3.7.0-59 Work-in-progress - last build Jun 22 2022 07:32:44 (82e59222e4b6558e33156aede0636042c14940b8,branch:master). Game began 2022-06-17 12:36:11, ended 2022-06-24 11:47:54. Numbgoon, neutral male human Tourist --- ---------- .......*....... ..........----|- .....$*...-- .*.. ......)..)- %... ----- ..........| ... ...| -...- ... ---------..-- -)- ... |.......|...-- )). -----|----- |.......|...)---.*..... ---..@......--- |..._..)-.?*$$-**%..... |....@.A.@@...| |.......|..[.---....... |. ----|---- .| |.......|...-- ..... | |..HaH..|A | ---------..-- --- A|.HaAaa.| ...| A|..@@...| ----- A |...AHD.| A |.a.aaa.| @--------- D A @ Numbgoon the Journeyer St:25 Dx:17 Co:18 In:20 Wi:22 Ch:18 Neutral S:1117884 Astral Plane $:2 HP:189(189) Pw:121(153) AC:-40 Xp:18/1280000 T:42812 Fly Latest messages: c - an uncursed potion of gain level. What do you want to drink? [cdjB or ?*] c You feel more experienced. Welcome to experience level 18. You feel more confident in your skills. Your movements are now unencumbered. The priestess of Blind Io casts a spell! The priestess of Offler picks up a K-ration. You hear some noises in the distance. The gold dragon bites the priestess of Offler. The gold dragon hits the priestess of Offler. The gold dragon hits the priestess of Offler. The priestess of Offler swings her mace at the gold dragon. The priestess of Offler hits the gold dragon. The priestess of Offler hits the gold dragon. You are now most skilled in two weapon combat. You stop. Your hill giant is in the way! The killer bee drops a K-ration. (For instructions type a '?') What do you want to call the hill giant? Bobo (For instructions type a '?') What do you want to call the couatl? Jojo (For instructions type a '?') What do you want to call the guardian Angel of The Lady? Momo The guardian Angel of The Lady will not accept the name Momo. Talk to whom? (in what direction) 4 The high priest of The Lady gives you two bits for an ale. What do you want to use or apply? [bfhlpqtuwxzCFHORWY or ?*] w You produce a strange whistling sound. Many creatures shift locations and two others appear. The Angel of Blind Io zaps you with a magic missile! The magic missile hits the soldier ant! The magic missile hits Jojo! The magic missile whizzes by you! Pick an object. H a giant humanoid (tame hill giant called Bobo) [seen: normal vision, telepathy] (For instructions type a '?') What do you want to call the killer bee? Vivi What do you want to sacrifice? [T or ?*] T You offer the Amulet of Yendor to The Lady... An invisible choir sings, and you are bathed in radiance... The voice of The Lady thunders: "Mortal, thou hast done well!" "In return for thy service, I grant thee the gift of Immortality!" You ascend to the status of Demigod... Do you want your possessions identified? [ynq] (y) y Do you want to see your attributes? [ynq] (y) y Do you want an account of creatures vanquished? [ynaq] (y) y Do you want a list of extinct species? [ynq] (y) y Do you want to see your conduct and achievements? [ynq] (y) y Do you want to see the dungeon overview? [ynq] (y) y Major events: Turn 1: Numbgoon the neutral male human Tourist entered the dungeon 520: found Fire Brand in a shop 1002: attained the rank of Sightseer (level 3) 1267: entered the Gnomish Mines 1994: reached Mine Town 2015: attained the rank of Excursionist (level 6) 3386: entered Sokoban 3692: completed sokoban 1 4279: completed sokoban 2 4795: completed sokoban 3 6119: completed sokoban 4 7634: acquired the Sokoban bag of holding 11809: attained the rank of Peregrinator (level 10) 25274: killed Medusa 26035: entered Gehennom 28162: attained the rank of Traveler (level 14) 28868: found Stormbringer on the floor 28868: made his first wish - "The Blessed Eye of the Aethiopica", got "a triangular amulet named the Eye of the Aethiopica" 30982: bestowed with Vorpal Blade by The Lady 32561: killed the Master of Thieves 32561: found the Platinum Yendorian Express Card carried by a monster 33106: wished for "blessed spellbook of identify", got "a tan spellbook" 33331: acquired the Bell of Opening 34287: wished for "blessed wand of polymorph", got "a pine wand" 34390: wished for "blessed +2 helm of brilliance", got "a plumed helmet" 35686: killed Juiblex 35911: bribed Asmodeus with 13 zorkmids for safe passage 36421: bribed Baalzebub with 15 zorkmids for safe passage 36871: destroyed Vlad the Impaler 36873: acquired the Candelabrum of Invocation 37388: killed the invisible Orcus 39524: wished for "blessed erodeproof +2 cloak of protection", got "a piece of cloth" 39558: wished for "blessed magic harp", got "a harp" 40199: killed the Wizard of Yendor 40211: acquired the Book of the Dead 40339: killed the invisible Wizard of Yendor (2nd time) 40362: performed the invocation 40505: killed the high priestess of Moloch 40582: acquired The Amulet of Yendor 42399: entered the Elemental Planes 42399: entered Plane of Earth 42400: killed the Wizard of Yendor (3rd time) 42498: entered Plane of Air 42581: entered Plane of Fire 42623: entered Plane of Water 42691: entered the Astral Plane 42714: killed Pestilence 42772: killed Pestilence (2nd time) 42808: attained the rank of Journeyer (level 18) 42812: ascended Inventory: Coins $ - 2 gold pieces Amulets Q - an uncursed amulet of flying (being worn) E - the blessed Eye of the Aethiopica Weapons v - 55 blessed +6 darts (at the ready) r - a +5 crysknife (wielded in left hand) A - the cursed rustproof +7 Fire Brand (wielded in right hand) Armor I - a cursed +4 helm of brilliance (being worn) s - an uncursed rustproof +4 pair of gauntlets of power (being worn) k - a blessed +4 pair of speed boots (being worn) g - an uncursed fireproof +4 cloak of protection L - a blessed +4 robe (being worn) M - a blessed +5 Hawaiian shirt with a bird of paradise motif (being worn) i - a blessed +5 silver dragon scale mail (being worn) Comestibles V - an uncursed lizard corpse Potions d - an uncursed potion of extra healing j - an uncursed potion of fruit juice B - 2 uncursed potions of speed Rings n - an uncursed ring of conflict Wands q - a wand of death (1:2) H - a wand of digging (0:6) R - a wand of digging (0:5) z - a wand of digging (4:2) x - a cursed wand of light (0:13) p - a cursed wand of lightning (0:4) W - a wand of polymorph (3:3) F - a wand of teleportation (0:4) Tools b - a blessed bag of holding containing 84 items h - a blessed magic harp (6:12) f - the Bell of Opening (0:0) Y - a magic marker (0:51) C - a magic marker (0:46) w - an uncursed magic whistle O - the blessed Platinum Yendorian Express Card l - an uncursed skeleton key t - an uncursed towel u - a blessed +0 unicorn horn Gems/Stones Z - an uncursed amethyst stone a - a cursed diamond U - an uncursed jasper stone X - an uncursed ruby e - an uncursed sapphire P - an uncursed luckstone Contents of the bag of holding: 1274 gold pieces an uncursed amulet of life saving an uncursed amulet of life saving an uncursed amulet of magical breathing 36 cursed -1 darts an uncursed +0 elven cloak an uncursed +0 mummy wrapping an uncursed slime mold 2 uncursed food rations an uncursed K-ration an uncursed lembas wafer 3 blessed scrolls of blank paper an uncursed scroll of blank paper an uncursed scroll of charging an uncursed scroll of confuse monster a blessed scroll of create monster 4 blessed scrolls of create monster 4 uncursed scrolls of create monster 2 uncursed scrolls of earth an uncursed scroll of earth a blessed scroll of enchant armor a blessed scroll of enchant armor an uncursed scroll of enchant armor 2 uncursed scrolls of enchant armor an uncursed scroll of genocide a blessed scroll of identify 2 uncursed scrolls of identify a cursed scroll of identify a cursed scroll of identify 3 blessed scrolls of remove curse a blessed scroll of remove curse an uncursed scroll of remove curse a cursed scroll of remove curse a cursed scroll of remove curse an uncursed scroll of scare monster an uncursed scroll of scare monster an uncursed scroll of stinking cloud an uncursed scroll of taming 3 blessed scrolls of teleportation 8 uncursed scrolls of teleportation 3 uncursed scrolls of teleportation a cursed scroll of teleportation a cursed scroll of teleportation a blessed spellbook of identify 2 uncursed potions of enlightenment an uncursed potion of full healing an uncursed potion of gain energy an uncursed potion of gain energy 3 blessed potions of healing 2 uncursed potions of healing 2 cursed potions of healing 2 blessed potions of object detection 5 uncursed potions of object detection a cursed potion of object detection an uncursed potion of oil an uncursed potion of restore ability a cursed potion of restore ability an uncursed potion of see invisible 11 potions of holy water 9 uncursed potions of water a cursed ring of conflict an uncursed -1 ring of increase damage an uncursed ring of regeneration a blessed wand of cold (0:1) a wand of cold (0:4) a wand of digging (0:7) a wand of digging (0:6) a wand of digging (0:5) a wand of digging (0:5) a wand of digging (0:2) a wand of lightning (0:8) a wand of lightning (0:4) a wand of lightning (0:4) a wand of lightning (0:3) a blessed wand of magic missile (0:3) a wand of magic missile (0:5) a wand of polymorph (0:7) a wand of speed monster (0:0) a wand of striking (0:6) a wand of teleportation (0:7) a wand of teleportation (0:7) a wand of teleportation (0:7) a wand of teleportation (0:6) an expensive camera (0:11) Numbgoon the Tourist's attributes: Background: You were a Journeyer, a level 18 male human Tourist. You were neutral, on a mission for The Lady who was opposed by Blind Io (lawful) and Offler (chaotic). You were in the endgame, on the Astral Plane. You entered the dungeon 42812 turns ago. You had 1280000 experience points, 1280000 more were needed for level 19. Your score was 1117884 before end-of-game adjustments. Basics: You had all 189 hit points. You had 121 out of 153 energy points (spell power). Your armor class was -40. Your wallet contained 2 zorkmids. Autopickup was off. Final Characteristics: Your strength was 25 (base:18/31, innate limit:18/100). Your dexterity was 17 (peak:18, limit:18). Your constitution was 18 (limit:18). Your intelligence was 20 (base:16, innate limit:18). Your wisdom was 22 (base:18, innate limit:18). Your charisma was 18 (limit:18). Final Status: You were flying. You were not hungry. You were unencumbered. You were wielding two weapons at once. Your two weapon skill was limited by being basic with long sword. You were skilled in knife and two weapons. Final Attributes: You were piously aligned. You were magic-protected. You were fire resistant. Your items were protected from fire. You were cold resistant. You were sleep resistant. You were shock resistant. You were poison resistant. You saw invisible. You were telepathic. You had automatic searching. You had a moderate defense bonus (+10). You were guarded. You took half spell damage. You were very fast. You had reflection. You were extremely lucky. You had extra luck. Bad luck did not time out for you. Good luck did not time out for you. You survived. Miscellaneous: You encountered 1 bones level. Total elapsed playing time was 17 hours, 3 minutes and 45 seconds. Vanquished creatures: Orcus Juiblex the Wizard of Yendor (thrice) Pestilence (twice) Vlad the Impaler a high cleric 5 mastodons Medusa 6 krakens the Master of Thieves 4 iron golems 3 master liches 5 storm giants 4 glass golems 2 balrogs 3 purple worms 12 silver dragons a white dragon 5 orange dragons a blue dragon 3 yellow dragons 7 minotaurs 6 jabberwocks a baluchitherium 12 Angels 7 demiliches a stone golem a master mind flayer 8 Olog-hai 3 Nazgul 2 pit fiends 3 sandestins 3 hell hounds 2 displacer beasts 5 titanotheres 4 trappers a baby silver dragon a guardian naga 5 disenchanters 24 vampire leaders 3 skeletons 9 shopkeepers 22 aligned clerics 6 captains 5 shades 8 liches 5 clay golems 6 nurses 2 ice devils 2 nalfeshnees a lurker above 5 ettins 2 black puddings 25 vampires 6 lieutenants a watch captain 41 ghosts a healer 9 giant mimics 3 long worms 11 zruties 6 fire giants 13 ogre tyrants 17 ice trolls 7 rock trolls 2 umber hulks 2 flesh golems 2 elven monarchs 2 doppelgangers 8 hezrous 3 bone devils 2 large mimics a wumpus 6 fire vortices 15 couatls 9 stalkers 5 air elementals 3 fire elementals 8 earth elementals 8 water elementals 3 hill giants 3 giant mummies a black naga 4 xorns 29 giant zombies 14 elf-nobles 32 sergeants a water demon 9 barbed devils 12 vrocks 4 salamanders 11 wargs 3 winter wolves 5 hell hound pups 34 small mimics 5 glass piercers 2 warhorses 7 steam vortices 11 xans 8 ettin mummies 5 ogre leaders 9 quantum mechanics 31 trolls 3 sasquatches 4 wood golems 3 erinyes 8 mariliths a djinni 3 sharks an electric eel 7 gelatinous cubes 3 pyrolisks a large dog 4 freezing spheres 6 flaming spheres 8 shocking spheres a large cat 6 tigers 4 gargoyles 2 dwarf rulers 3 tengu 5 ochre jellies 4 leocrottas 4 energy vortices 3 mountain centaurs 5 stone giants 3 elf mummies 5 human mummies 5 red nagas 6 pit vipers 3 cobras 37 wraiths 3 carnivorous apes 24 ettin zombies 4 leather golems 4 Grey-elves 118 soldiers 2 watchmen 10 amorous demons 4 horned devils 3 chameleons 4 crocodiles 9 giant beetles 2 quivering blobs 21 cockatrices 14 wolves 10 winter wolf cubs 4 lynxes 2 panthers 6 gremlins a spotted jelly 30 leprechauns 5 orc-captains 7 iron piercers 5 mumakil 108 giant spiders 6 scorpions 5 horses 2 ice vortices 2 baby long worms 8 black lights 10 vampire bats 35 forest centaurs 3 gnome rulers 4 orc mummies 8 dwarf mummies 6 ogres 10 brown puddings 9 rust monsters 16 owlbears 5 yetis 4 gold golems 4 werewolves 9 Green-elves 4 piranha 11 giant eels 12 lizards 2 chickatrices 5 dingoes 2 dogs 5 jaguars 7 dwarf leaders 4 blue jellies 3 white unicorns a gray unicorn 3 black unicorns 6 dust vortices 24 ravens 6 plains centaurs a Kop Kaptain 5 gnome mummies 11 snakes 5 water moccasins 8 apes 30 human zombies a rope golem 17 Woodland-elves 24 soldier ants a fire ant 4 bugbears 3 imps 2 lemures 8 quasits 9 wood nymphs 8 water nymphs 4 mountain nymphs 6 Mordor orcs 15 Uruk-hai 3 orc shamans 11 rock piercers 7 rock moles 2 ponies 7 fog clouds 9 yellow lights 6 violet fungi 16 gnome leaders 3 gnomish wizards 3 Kop Lieutenants 3 kobold mummies a red naga hatchling 2 gray oozes 4 barrow wights 15 elf zombies 13 ghouls 2 paper golems 12 giant ants 13 floating eyes 2 kittens 21 dwarves 5 homunculi 4 kobold leaders a kobold shaman 7 hill orcs 11 rothes 3 rabid rats 8 centipedes a giant bat a monkey 19 orc zombies 21 dwarf zombies 2 wererats 5 werejackals 9 iguanas 19 killer bees 4 acid blobs a coyote 3 hobbits a manes 5 large kobolds 10 hobgoblins 11 giant rats 13 cave spiders 2 brown molds 6 yellow molds 57 gnomes 7 Keystone Kops 12 garter snakes 19 gnome zombies 11 geckos 17 jackals 2 foxes 3 kobolds 6 goblins 2 sewer rats 12 grid bugs a bat 16 lichens 17 kobold zombies 9 newts 2165 creatures vanquished. Extinct species: soldiers (extinct) erinyes (extinct) 2 species extinct. Voluntary challenges: You read items or engraved 142 times. You never engraved Elbereth. You never genocided any monsters. You used 6 wishes (2 for artifacts). You did not violate any of the special Sokoban rules. Achievements: You entered a shop. You attained the rank of Sightseer. You entered the Gnomish Mines. You entered Minetown. You attained the rank of Excursionist. You entered a temple. You entered Sokoban. You completed Sokoban. You attained the rank of Peregrinator. You defeated Medusa. You learned the tune to open and close the Castle's drawbridge. You entered Gehennom. You attained the rank of Traveler. You had the Bell of Opening. You handled the Candelabrum of Invocation. You handled the Book of the Dead. You gained access to Moloch's Sanctum. You reached the Elemental Planes. You reached the Astral Plane. You attained the rank of Journeyer. You delivered the Amulet of Yendor. You ascended! The Elemental Planes: Astral Plane: <- You are here. Some temples. Plane of Water: Plane of Fire: Plane of Air: Plane of Earth: The Dungeons of Doom: levels 1 to 25 Level 1: A fountain. One way stairs up to The Elemental Planes. Level 2: An untended shop. Level 3: An armor shop. Stairs down to The Gnomish Mines. Level 4: An untended shop. Level 5: A fountain. Level 6: Many fountains. Level 7: Stairs up to Sokoban, level 6. Level 8: A fountain. Level 9: A fountain. Level 10: A fountain. Level 11: Level 12: Some fountains, a grave. Level 13: A grave. Portal to The Quest. Level 14: An armor shop. Level 15: A primitive area. Level 16: Level 17: An untended shop, a grave, a tree. Level 18: Level 19: Level 20: Final resting place for diffi-Rog-Orc-Fem-Cha, petrified by tasting cockatrice meat. Level 21: Level 22: Level 23: Level 24: A fountain, many trees. Level 25: A fountain. The castle (play notes "AEBCB" to open or close drawbridge). Gehennom: levels 26 to 47 Level 26: A temple, many graves. Valley of the Dead. Level 27: Level 28: Level 29: A fountain. Level 30: Level 31: Level 32: Level 33: Level 34: Stairs up to Vlad's Tower, level 33. Level 35: An untended shop, an altar. Level 36: Level 37: Level 38: Level 39: Level 40: Level 41: Level 42: Level 43: Level 44: Level 45: Level 46: Level 47: A temple, many graves. Moloch's Sanctum. The Gnomish Mines: levels 4 to 11 Level 4: Level 5: Level 6: Many shops, a temple to The Lady, some fountains. Level 7: Level 8: Level 9: Level 10: Level 11: Some fountains. The Quest: levels 1 to 5 Level 1: A throne, some graves. Completed quest for Twoflower. Level 2: Level 3: Some shops, some graves. Level 4: Level 5: Some shops, a grave. Sokoban: levels 6 up to 3 Level 3: Solved. Level 4: Solved. Level 5: Solved. Level 6: Solved. Vlad's Tower: levels 33 up to 31 Level 31: A throne. Level 32: Level 33: Aloha Numbgoon the Demigod... You and the guardian Angel of The Lady and Jojo and Bobo and the giant beetle and Vivi went to your reward with 2295651 points, The Bell of Opening (worth 5000 zorkmids and 12500 points) Fire Brand (worth 3000 zorkmids and 7500 points) The Eye of the Aethiopica (worth 4000 zorkmids and 10000 points) The Platinum Yendorian Express Card (worth 7000 zorkmids and 17500 points) 1 diamond (worth 4000 zorkmids), 1 ruby (worth 3500 zorkmids), 1 sapphire (worth 3000 zorkmids), 1 amethyst stone (worth 600 zorkmids), 1 jasper stone (worth 500 zorkmids), 2 amulets of life saving (worth 300 zorkmids), 1 amulet of magical breathing (worth 150 zorkmids), 1 amulet of flying (worth 150 zorkmids), and 1276 pieces of gold, after 42812 moves. You were level 18 with a maximum of 189 hit points when you ascended.